 Dungeon Crawl Stone Soup version 0.16.1-5-gaa23807 (webtiles) character file.

88 Chiseanne the Skirmisher (level 4, -4/50 HPs)
             Began as an Ogre Berserker on Mar 28, 2015.
             Was a Believer of Trog.
             Slain by a gnoll
             ... wielding a +0 spear
              (10 damage)
             ... on level 3 of the Dungeon.
             The game lasted 00:05:49 (2017 turns).

Chiseanne the Skirmisher (Ogre Berserker)           Turns: 2017, Time: 00:05:50

Health: -4/50      AC:  3    Str: 22    XL:     4   Next: 53%
Magic:  4/4        EV:  3    Int:  6    God:    Trog [**....]
Gold:   152        SH:  0    Dex: 10    Spells: 0 memorised, 3 levels left

rFire  . . .     SeeInvis .     a - +1 mace
rCold  . . .     Clarity  .     b - +0 animal skin
rNeg   . . .     SustAb   .     k - +0 large shield
rPois  .         Gourm    .     (helmet restricted)
rElec  .         Spirit   .     (no cloak)
rCorr  .         Warding  .     (gloves unavailable)
rMut   .         Stasis   .     (boots unavailable)
MR     ++...                    (no amulet)
Stlth  +.........               (no ring)
                                (no ring)

@: exhausted, held, regenerating, slowed, very slow, very resistant to hostile
enchantments, very unstealthy
A: unfitting armour, tough skin 1
a: Burn Spellbooks, Berserk, Trog's Hand, Renounce Religion


You were on level 3 of the Dungeon.
You worshipped Trog.
Trog was pleased with you.
You were very hungry.

You visited 1 branch of the dungeon, and saw 3 of its levels.

You collected 152 gold pieces.

Inventory:

Hand weapons
 a - a +1 mace (weapon)
Missiles
 d - 19 poisoned needles
 i - 4 javelins (quivered)
Armour
 b - a +0 animal skin (worn)
 k - a +0 large shield (worn)
Scrolls
 g - 2 scrolls of remove curse
Potions
 e - a potion of ambrosia
 f - a potion of poison {unknown}
 h - 2 potions of lignification {unknown}
Comestibles
 c - a meat ration
 j - a bread ration


   Skills:
 * Level 5.3 Fighting
 * Level 4.8 Maces & Flails
 - Level 1.5 Armour
 - Level 2.7 Dodging
 * Level 0.1 Shields


You had 3 spell levels left.
You didn't know any spells.

Dungeon Overview and Level Annotations

Branches:
Dungeon (3/15)

Altars:
Gozag


Innate Abilities, Weirdness & Mutations

You are too large for most types of armour.
You have tough skin (AC +1).


Message History

Read which item? (? for menu, Esc to quit)
As you read the scroll labeled PUUMPO PUFFARPH, it crumbles to dust.
The scroll dissolves into smoke.
It was a scroll of fog.
You block the gnoll's attack. The gnoll hits you but does no damage.
Drink which item? (? for menu, Esc to quit)
Okay, then.
Use which ability? (? or * to list)
Your skin crawls.
You feel resistant to hostile enchantments.
You feel slightly more hungry. You block the gnoll's attack.
The gnoll hits you but does no damage.
The gnoll hits you from afar with a spear!
* * * LOW HITPOINT WARNING * * *
The gnoll throws a throwing net.
The throwing net hits you.
You become entangled in the net!
You see here a throwing net.
You struggle against the net.
You feel the effects of Trog's Hand fading.
The gnoll hits you from afar with a spear!
You die...

...#........<........
#.....................
#.##.................#
#.................#
##.#................
................###
##....##..#.####
######........#
#......@####..#
#....#...# #..#
#......#g####.#
#####...§g##########
#.##§§§§§§gg...# #..
#§#########..# ...#
#.# .## #.# #.#


You could see 2 gnolls.

Vanquished Creatures
  A gnoll (D:3)
  A giant mite (D:1)
  3 worms (D:2)
  2 giant geckos
  An ooze (D:1)
  5 goblins
  4 hobgoblins
  4 jackals (D:1)
  A quokka (D:2)
  2 ball pythons (D:2)
  8 bats
  6 giant cockroaches
  2 giant newts (D:1)
  3 kobolds
  3 rats
46 creatures vanquished.

Notes
Turn   | Place    | Note
--------------------------------------------------------------
     0 | D:1      | Chiseanne, the Ogre Berserker, began the quest for the Orb.
     0 | D:1      | Reached XP level 1. HP: 24/24 MP: 1/1
   403 | D:1      | Reached XP level 2. HP: 21/33 MP: 2/2
   810 | D:1      | Reached XP level 3. HP: 34/41 MP: 3/3
  1024 | D:2      | Found an opulent altar of Gozag.
  1071 | D:2      | Reached skill level 5 in Fighting
  1482 | D:2      | Reached XP level 4. HP: 41/50 MP: 4/4
  1523 | D:2      | Acquired Trog's second power
  2017 | D:3      | Slain by a gnoll

Action                   |  1- 3 |  4- 6 || total
-------------------------+-------+-------++-------
Melee: Mace              |   107 |    59 ||   166
Invok: Berserk           |     2 |     1 ||     3
       Trog's Hand       |       |     1 ||     1
  Use: Scroll            |     4 |     3 ||     7
 Stab: Sleeping          |     1 |       ||     1
  Eat: Chunk             |     2 |     2 ||     4
       Pizza             |     1 |       ||     1
